 Dungeon Crawl Stone Soup version 0.28.0-53-g5a82cb258f (webtiles) character file.

Game seed: 2837833064816015186

4 mortz the Conjurer (level 1, -2/10 HPs)
             Began as a Kobold Conjurer on Aug 20, 2022.
             Frozen to death by an endoplasm (5 damage)
             ... on level 1 of the Dungeon.
             The game lasted 00:02:10 (174 turns).

mortz the Conjurer (Kobold Conjurer)                 Turns: 174, Time: 00:02:11

Health: -2/10      AC:  2    Str:  4    XL:     1   Next: 77%
Magic:  1/3        EV: 14    Int: 19    God:
Gold:   0          SH:  0    Dex: 13    Spells: 3/4 levels left

rFire   . . .      SeeInvis .   d - +0 short sword {short}
rCold   . . .      Faith    .   (no shield)
rNeg    . . .      Spirit   .   a - +0 robe
rPois   .          Reflect  .   (no helmet)
rElec   .          Harm     .   (no cloak)
rCorr   .          Rampage  .   (no gloves)
Will    .....                   (no boots)
Stlth   +++.......              (no amulet)
HPRegen 0.03/turn               (no ring)
MPRegen 0.08/turn               (no ring)

@: no status effects
A: small, no large weapons, nightstalker 3
a: no special abilities


You were on level 1 of the Dungeon.
You visited 1 branch of the dungeon, and saw 1 of its levels.


Innate Abilities, Weirdness & Mutations

You are small and have problems with some larger weapons.
You are completely attuned to the shadows.


   Skills:
 + Level 2.4 Dodging
 * Level 2.7 Stealth
 + Level 2.2 Spellcasting
 + Level 4.2 Conjurations
 * Level 0.1 Translocations


You had 3 spell levels left.
You knew the following spells:

 Your Spells              Type           Power      Damage    Failure   Level
a - Magic Dart            Conj           72%        1d6       3%          1

Your spell library contained the following spells:

 Spells                   Type           Power      Damage    Failure   Level
 Searing Ray              Conj           36%        2d5       4%          2
 Dazzling Flash           Conj/Hex       20%        N/A       22%         3
 Fulminant Prism          Conj/Hex       5%         3d7       56%         4
 Iskenderun's Mystic Bla  Conj/Tloc      10%        2d4       56%         4

Inventory:

Hand Weapons
 d - a +0 short sword (weapon) {short}
   (You found it on level 1 of the Dungeon)
Armour
 a - a +0 robe (worn)
Jewellery
 c - a ring of ice
   (You found it on level 1 of the Dungeon)

Dungeon Overview and Level Annotations

Branches:
Dungeon (1/15)

Altars:

...............#..####
##.....#######........
........#......##.#####
.....†...#####.........
.... .........#
##........ ....
.........# ....#.....
.... ..........
######.######...>
.........#
#...##...#.......
........
#...@J.)...(.....
.......
.......##...#####
...... ...#.....##.#
..... .#...###.##.#
.##. ....# #.. J#


You could see an endoplasm.


Message History

🤖 Initializing magus.rc ... ✅ Successfully initialized magus.rc [v1.9.6] Welcome, mortz the Kobold Conjurer.
The Orb of Zot is coveted for many reasons.
Will you seize it for your own?
Press ? for a list of commands and other information.
Found 12 sling bullets.
Found a staircase leading out of the dungeon.
A goblin comes into view. It is wielding a +0 club.
The magic dart hits the goblin.
The goblin shouts! 😎 MP[-1]
You lost 1 mp, and now have 2/3 mp.
The magic dart hits the goblin.
You kill the goblin! 😎 MP[-1]
You lost 1 mp, and now have 1/3 mp.
An endoplasm comes into view.
You can't see any susceptible monsters within range! (Use Z to cast anyway.)
An endoplasm is nearby! 😎 MP[+1] 😎 MP[+1]
Your mp is fully restored (3).
b - a +0 club {mace} You see here a goblin corpse.
b - a +0 club (weapon)
{mace} The magic dart hits the endoplasm but does no damage. 😎 MP[-1]
You lost 1 mp, and now have 2/3 mp.
The magic dart hits the endoplasm. 😎 MP[-1]
You lost 1 mp, and now have 1/3 mp.
The magic dart hits the endoplasm.
You kill the endoplasm! 😎 MP[-1]
You lost 1 mp, and now have 0/3 mp.
A bat comes into view.
The bat moves out of view. 😎 MP[+2]
You regained 2 mp, and now have 2/3 mp.
A bat is nearby!
The magic dart hits the bat.
You kill the bat! 😎 MP[-1]
You lost 1 mp, and now have 1/3 mp.
A ball python comes into view. 😎 MP[+2]
Your mp is fully restored (3).
The magic dart hits the ball python.
You kill the ball python! 😎 MP[-1]
You lost 1 mp, and now have 2/3 mp.
Found an escape hatch in the floor. 😎 MP[+1]
Your mp is fully restored (3).
A rat comes into view.
The helpless rat fails to defend itself.
You hit the rat.
You kill the rat!
c - a ring of ice An endoplasm comes into view.
You see here a +0 short sword {short}.
d - a +0 short sword (weapon)
{short} You drop a +0 club {mace}.
An endoplasm comes into view.
Found a stone staircase leading down.
The endoplasm quivers.
The endoplasm freezes you.
You are frozen. 😮 HP[-4]
You take 4 damage, and now have 6/10 hp.
MASSIVE DAMAGE!! (PAUSE)
You are too injured to fight recklessly!
Unknown command.
An endoplasm comes into view.
Found a stone staircase leading down. 😮 HP[+1]
You see here a +0 club {mace}.
Aiming: Magic Dart (safe; 3% risk of failure)
Press: ? - help, Q - select action Shift-Dir - straight line, f - endoplasm
Aim: an endoplasm (100% to hit)
The magic dart hits the endoplasm.
The endoplasm freezes you.
You are frozen.
* * * LOW HITPOINT WARNING * * *
😨 HP[-4] MP[-1]
You take 4 damage, and now have 3/10 hp.
MASSIVE DAMAGE!! (PAUSE)
You lost 1 mp, and now have 2/3 mp.
Aiming: Magic Dart (safe; 3% risk of failure)
Press: ? - help, Q - select action Shift-Dir - straight line, f/p - endoplasm
Aim: an endoplasm (lightly wounded, 100% to hit)
The magic dart hits the endoplasm.
The endoplasm jiggles.
The endoplasm freezes you.
You are frozen.
Ouch! That really hurt!
You die...

Action                   || total
-------------------------++-------
Melee: Club              ||     1
 Cast: Magic Dart        ||     9
 Stab: Sleeping          ||     1

Levels and vault maps discovered:
D:1:      wander_arrival_lonely_grave, layout_rooms, hangedman_decor_points

Notes
Turn   | Place    | Note
-------+----------+-------------------------------------------
     0 | D:1      | mortz the Kobold Conjurer began the quest for the Orb.
     0 | D:1      | Reached XP level 1. HP: 10/10 MP: 3/3
     0 | D:1      | magus.rc [v1.9.6]
   174 | D:1      | Frozen to death by an endoplasm

Vanquished Creatures
  An endoplasm (D:1)
  A goblin (D:1)
  A ball python (D:1)
  A bat (D:1)
  A rat (D:1)
5 creatures vanquished.

Table legend:
 A = Non-vault XP
 B = Vault XP
 C = Vault XP percentage of total XP
 D = Non-vault monster count
 E = Vault monster count
 F = Vault count percentage of total count
                 A         B        C        D         E       F
            +---------+---------+-------+---------+---------+-------
      Total |       7 |       0 |   0.0 |       5 |       0 |   0.0
            +---------+---------+-------+---------+---------+-------
        D:1 |       7 |       0 |   0.0 |       5 |       0 |   0.0
            +---------+---------+-------+---------+---------+-------

Illustrated notes

Table legend:
 A = Kills in this place as a percentage of kills in entire the game.
 B = Kills by you in this place as a percentage of kills by you in the entire game.
 C = Kills by friends in this place as a percentage of kills by friends in the entire game.
 D = Other kills in this place as a percentage of other kills in the entire game.
 E = Experience gained in this place as a percentage of experience gained in the entire game.
 F = Experience gained in this place divided by the number of levels of this place that you have seen.
                   A       B       C       D       E      F
               +-------+-------+-------+-------+-------+----------------------
         Total | 100.0 | 100.0 |   N/A |   N/A | 100.0 |   7.0
       Dungeon | 100.0 | 100.0 |   N/A |   N/A | 100.0 |   7.0
               +-------+-------+-------+-------+-------+----------------------

Table legend: (Time is in decaauts)
 A = Elapsed time spent in this place.
 B = Non-inter-level travel time spent in this place.
 C = Inter-level travel time spent in this place.
 D = Time resting spent in this place.
 E = Time spent auto-exploring this place.
 F = Levels seen in this place.
 G = Mean time per level.
                   A        B        C        D        E       F      G
               +--------+--------+--------+--------+--------+-----+--------+
         Total |    173 |    173 |      0 |      0 |    109 |   1 |  173.0 |
       Dungeon |    173 |    173 |      0 |      0 |    109 |   1 |  173.0 |
               +--------+--------+--------+--------+--------+-----+--------+

Top non-repeatable levels by time:
     D:1: 173 daAuts
